 Dungeon Crawl Stone Soup version 0.31-a0-1005-gfbdfbacc72 (webtiles) character file.

Game seed: 869294912146124368

30 Azuregosa the Sneak (level 3, -1/26 HPs)
             Began as an Octopode Delver on Nov 11, 2023.
             Was an Initiate of Dithmenos.
             Slain by an iguana (9 damage)
             ... on level 5 of the Dungeon.
             The game lasted 00:05:50 (768 turns).

Azuregosa the Sneak (Octopode Delver)                Turns: 768, Time: 00:05:51

Health: -1/26      AC:  1    Str: 11    XL:     3   Next: 20%
Magic:  3/3        EV: 13    Int: 14    God:    Dithmenos [......]
Gold:   70         SH:  0    Dex: 13    Spells: 2/2 levels left

rFire   . . .        a - +0 mace
rCold   . . .        (no shield)
rNeg    . . .        (helmet restricted)
rPois   .            (no amulet)
rElec   .            (no ring)
rCorr   .            (no ring)
SInv    .            (no ring)
Will    .....        (no ring)
Stlth   ++++++       (no ring)
HPRegen 0.24/turn    (no ring)
MPRegen 0.08/turn    (no ring)
                     (no ring)

%: no passive effects
@: no status effects
A: almost no armour, amphibious, 8 rings, camouflage 1, gelatinous body 1,
nimble swimmer 1, tentacles
a: Renounce Religion


You were on level 5 of the Dungeon.
You worshipped Dithmenos.
Dithmenos was noncommittal.
You visited 2 branches of the dungeon, and saw 3 of its levels.

You collected 70 gold pieces.

Inventory:

Hand Weapons
 a - a +0 mace (weapon)
Missiles
 g - 4 poisoned darts
 h - 4 stones
Wands
 f - a wand of digging (3)
Scrolls
 b - a scroll of fog
 d - a scroll of fear
Potions
 c - 2 potions of degeneration {unknown}
 e - a potion of haste


   Skills:
 - Level 3.0 Fighting
 - Level 2.0 Maces & Flails
 - Level 2.0 Dodging
 + Level 7.9 Stealth


You had 2 spell levels left.
You didn't know any spells.
Your spell library was empty.

Dungeon Overview and Level Annotations

Branches:
Dungeon (5/15)             Temple (1/1) D:5

Altars:
Cheibriados
Dithmenos
Fedhas
Kikubaaqudgha
Makhleb
Okawaru
Qazlal
Ru
Sif Muna
Trog
Uskayaw
Vehumet
Wu Jian
Xom
Yredelemnul
Zin
The Shining One


Innate Abilities, Weirdness & Mutations

You cannot wear most types of armour.
You are amphibious.
You can wear up to eight rings at the same time.
Your skin changes colour to match your surroundings (Stealth+).
Your rubbery body absorbs attacks. (AC +1, EV +1)
You are camouflaged when in or above water. (Stealth+)
You have tentacles for arms and can constrict up to eight enemies at once.


Message History

Found a staircase back to the Dungeon.
There is a staircase back to the Dungeon here.
Found an ornate altar of the Wu Jian Council.
Found a hide-covered altar of Uskayaw.
Found a shimmering altar of Xom.
Found a glowing golden altar of the Shining One.
Found a blossoming altar of Fedhas and a snail-covered altar of Cheibriados.
Found a shimmering blue altar of Sif Muna.
Found a burning altar of Makhleb and a bloodstained altar of Trog.
There is a shimmering blue altar of Sif Muna here.
Found three altars.
There is a shadowy altar of Dithmenos here.
You curl up in front of the altar of Dithmenos.
Dithmenos welcomes you!
There is a snail-covered altar of Cheibriados here.
There is a staircase back to the Dungeon here.
You climb upwards.
There is a staircase to the Ecumenical Temple here.
You enter the shallow water.
You barely miss the iguana. You grab the iguana.
You squeeze the iguana, but do no damage.
You constrict the iguana. The iguana closely misses you. The iguana bites you!
You hit the iguana.
The iguana is moderately wounded.
You constrict the iguana, but do no damage.
The iguana barely misses you.
You hit the iguana but do no damage.
The iguana is moderately wounded.
You constrict the iguana. The iguana barely misses you.
You hit the iguana.
The iguana is severely wounded.
You constrict the iguana, but do no damage.
The iguana bites you!
Ouch! That really hurt!
* * * LOW HITPOINT WARNING * * *
You hit the iguana.
The iguana is almost dead.
You constrict the iguana, but do no damage.
The iguana bites you!
You die...

**,,,,.....l.......#
*,*
**,**##.##...##...#
*,* *,* #,*#...##...#
*******,*
****,****,*#...##...#
*,,,,,,,*
*,,,,,,**,*#.###*...#
*,,,,,,,*
*,,,,,,****#...######
*,,,,,,,* *,,,,,,*
#...~§§..# *,,,,,,,*
**,,,,,,* #..~l§§~.#
*,,,,,,,* ,,,,,,,,*
##§§@~§§§#***,,,,,,,*
**,,,,,,*
#~§~>§§§#,,,,,,,,,,*
*,,,,,,*
#~~§~§~§#,**********
**,,,,,,* #.~§§~~...#
* ,,,,,,***
#..~~§..### * ,,,,,,*
######### * ,,,,,,*
,*,**,* ,*,**,*


You could see an iguana.

Vanquished Creatures
  2 adders (D:4)
  A worm (D:4)
  2 endoplasms (D:4)
  3 goblins (D:4)
  A kobold (D:4)
  2 ball pythons (D:4)
11 creatures vanquished.

Notes
Turn   | Place    | Note
-------+----------+-------------------------------------------
     0 | D:5      | Azuregosa the Octopode Delver began the quest for the Orb.
     0 | D:5      | Reached XP level 1. HP: 16/16 MP: 1/1
     0 | D:5      | Noticed an iguana
     0 | D:5      | Noticed an iguana
    19 | D:5      | Noticed an orc priest
    22 | D:5      | Noticed an iguana
    76 | D:4      | Reached skill level 7 in Stealth
    76 | D:4      | Reached XP level 2. HP: 15/21 MP: 2/2
   166 | D:4      | Found a sacrificial altar of Ru.
   593 | D:4      | Reached XP level 3. HP: 20/26 MP: 3/3
   679 | D:5      | Found a staircase to the Ecumenical Temple.
   686 | Temple   | Entered the Ecumenical Temple
   720 | Temple   | Became a worshipper of Dithmenos the Shadowed
   768 | D:5      | Slain by an iguana

Illustrated notes

Levels and vault maps discovered:
D:4:      minmay_thinvault, layout_gridville, hangedman_ru_absence,
          mainiacjoe_overflow_boulevard
D:5:      layout_basic, minmay_temple_entry_mist, st_stairs_9,
          patterned_corridor
Temple:   nicolae_temple_elliptical

Skill      XL: |  1 |
---------------+----+-----
Stealth        | 7 |  7.9
Fighting       | |  3.0
Maces & Flails | |  2.0
Dodging        | |  2.0

Action                     || total
---------------------------++-------
  Melee: Mace              ||    20
         Tentacles         ||     6
         Constrict         ||     3
    Use: Scroll            ||     1
   Stab: Sleeping          ||    10
 Armour: Skin              ||     8
  Dodge: Dodged            ||     5

Table legend: (Time is in decaauts)
 A = Elapsed time spent in this place.
 B = Non-inter-level travel time spent in this place.
 C = Inter-level travel time spent in this place.
 D = Time resting spent in this place.
 E = Time spent auto-exploring this place.
 F = Levels seen in this place.
 G = Mean time per level.
                   A        B        C        D        E       F      G
               +--------+--------+--------+--------+--------+-----+--------+
         Total |    774 |    741 |     33 |    264 |      0 |   3 |  258.0 |
       Dungeon |    698 |    698 |      0 |    264 |      0 |   2 |  349.0 |
        Temple |     75 |     42 |     33 |      0 |      0 |   1 |   75.0 |
               +--------+--------+--------+--------+--------+-----+--------+

Top non-repeatable levels by time:
     D:4: 624 daAuts
  Temple: 75 daAuts
     D:5: 74 daAuts
